AoeStats
← 沒起房子我日

Lombardia

509794524Analyzed
4v4 RM · 4d ago on Sep 28, 2026· 45m 25s· 8 players
Game mode
Random Map
Map size
Large (8 player)
Population
200
Speed
Normal
Resources
Standard
Victory
Conquest
Starting age
Dark Age
Ending age
Imperial Age
RankedLock teamsTeams togetherTeam positionsShared explorationLock speedFull tech treeHidden civsTurbo modeCheats
Victory
Defeat
🇸🇬 Berbers · Singapore
1530
+17
🇬🇧 Jurchens · United Kingdom
1503
+18
🇺🇸 Huns · United States
1485
+19
🇺🇸 Koreans · United States
1470
+19
🇺🇸 Britons · United States
1661
-24
🇹🇼 Inca · Taiwan
1546
-18
🇧🇷 Turks · Brazil
1488
-16
🇲🇽 Spanish · Mexico
1475
-15
scoop
11:02 Feudal Age
14:43 Castle Age
12:42 Double-Bit Axe
12:39 Horse Collar
13:21 Fletching
20:09 Loom
21:18 Crossbowman
21:57 Bodkin Arrow
22:38 Padded Archer Armor
23:05 Gold Mining
24:05 Ballistics
25:26 Bow Saw
25:52 Wheelbarrow
27:14 Heavy Plow
28:45 Leather Archer Armor
33:39 Imperial Age
31:34 Stone Mining
32:01 Hand Cart
32:21 Coinage
31:58 Town Watch
32:40 Scale Mail Armor
32:08 Pikeman
32:48 Squires
33:56 Chain Mail Armor
33:39 Arbalester
34:21 Bracer
35:23 Chemistry
33:56 Halberdier
35:11 Conscription
35:52 Plate Mail Armor
37:33 Ring Archer Armor
37:13 Forging
37:56 Banking
38:52 Warwolf
39:16 Yeomen
沒起房子我日
6:37 Loom
9:01 Feudal Age
9:30 Double-Bit Axe
12:33 Fletching
15:45 Padded Archer Armor
19:24 Horse Collar
23:34 Castle Age
23:13 Gold Mining
24:41 Wheelbarrow
23:35 Crossbowman
24:26 Bodkin Arrow
24:44 Bow Saw
27:14 Heavy Plow
30:12 Stone Mining
32:58 Hand Cart
34:00 Town Watch
36:05 Andean Sling
37:14 Gold Shaft Mining
37:15 Stone Shaft Mining
37:05 Town Patrol
37:59 Caravan
38:29 Coinage
38:42 Scale Mail Armor
38:53 Forging
39:17 Squires
39:05 Arson
40:11 Chain Mail Armor
42:35 Imperial Age
41:56 Iron Casting
41:54 Leather Archer Armor
42:46 Thumb Ring
42:02 Elite Skirmisher
43:31 Bracer
44:10 Conscription
43:14 Elite Kamayuk
44:53 Ring Archer Armor
45:43 Chemistry
ArNuL
7:12 Loom
10:09 Feudal Age
10:38 Double-Bit Axe
10:40 Horse Collar
18:44 Castle Age
16:46 Gold Mining
18:04 Forging
18:56 Scale Barding Armor
19:47 Bloodlines
19:38 Husbandry
20:13 Stone Mining
21:11 Bow Saw
23:34 Wheelbarrow
23:18 Town Watch
29:45 Padded Archer Armor
31:22 Hand Cart
33:09 Leather Archer Armor
34:37 Heavy Plow
38:34 Imperial Age
37:34 Ballistics
40:04 Ring Archer Armor
40:28 Conscription
40:05 Elite Conquistador
43:59 Chain Barding Armor
44:16 Iron Casting
43:35 Cavalier
Mr. M
6:01 Loom
8:50 Feudal Age
10:31 Double-Bit Axe
10:26 Horse Collar
15:52 Scale Barding Armor
16:54 Forging
19:00 Bloodlines
20:39 Wheelbarrow
23:28 Castle Age
22:02 Bloodlines
22:46 Fletching
33:39 Bow Saw
35:04 Heavy Plow
37:43 Gold Mining
37:44 Stone Mining
39:43 Husbandry
40:08 Chain Barding Armor
40:24 Iron Casting
42:58 Imperial Age
41:26 Iron Casting
44:25 Plate Barding Armor
44:51 Blast Furnace
45:31 Conscription
[TSU] IAmTheWalrus
10:19 Loom
12:04 Feudal Age
16:44 Castle Age
14:34 Double-Bit Axe
14:33 Horse Collar
15:55 Fletching
16:02 Gold Mining
17:23 Bodkin Arrow
25:37 Bow Saw
25:31 Heavy Plow
26:58 Husbandry
27:09 Bloodlines
31:28 Wheelbarrow
33:02 Stone Mining
33:29 Hand Cart
37:25 Imperial Age
35:17 Ballistics
35:19 Padded Archer Armor
35:24 Scale Barding Armor
36:31 Thumb Ring
36:34 Light Cavalry
38:35 Parthian Tactics
37:31 Elite Skirmisher
38:33 Bracer
38:20 Heavy Cavalry Archer
40:06 Leather Archer Armor
40:13 Chain Barding Armor
40:03 Forging
42:41 Chemistry
44:38 Plate Barding Armor
44:38 Iron Casting
44:48 Conscription
[TSU] CJ the Strategos
7:42 Loom
10:33 Feudal Age
11:37 Double-Bit Axe
14:24 Fletching
21:30 Wheelbarrow
23:52 Castle Age
24:47 Bodkin Arrow
24:13 Crossbowman
25:19 Horse Collar
29:38 Bow Saw
32:32 Stone Mining
35:16 Gold Mining
39:47 Imperial Age
37:42 Fortified Wall
37:35 Elite Skirmisher
38:15 Town Watch
39:49 Ballistics
40:28 Bracer
39:50 Arbalester
41:45 Chemistry
41:31 Thumb Ring
44:17 Conscription
46:18 Hand Cart
[TSU] MrFluffyBunny
8:18 Loom
10:24 Feudal Age
12:16 Forging
12:12 Scale Barding Armor
17:31 Bloodlines
19:26 Double-Bit Axe
20:23 Horse Collar
24:56 Castle Age
24:23 Wheelbarrow
27:00 Bow Saw
26:54 Heavy Plow
26:41 Town Watch
27:42 Hand Cart
29:47 Caravan
29:58 Husbandry
33:06 Fortified Wall
38:43 Imperial Age
36:47 Stone Mining
36:56 Gold Mining
37:55 Chain Barding Armor
38:10 Iron Casting
38:25 Fortified Bastions
38:47 Elite Iron Pagoda
39:52 Conscription
41:10 Blast Furnace
40:46 Plate Barding Armor
44:05 Gold Shaft Mining
[TSU] gamerisdc
6:58 Loom
9:29 Feudal Age
10:16 Double-Bit Axe
16:22 Wheelbarrow
16:33 Bloodlines
16:29 Scale Barding Armor
18:19 Forging
20:20 Horse Collar
20:37 Town Watch
23:24 Castle Age
22:01 Gold Mining
23:26 Light Cavalry
24:31 Chain Barding Armor
24:31 Bow Saw
25:22 Husbandry
28:09 Iron Casting
30:03 Hand Cart
31:22 Heavy Plow
32:44 Stone Mining
34:46 Fletching
35:32 Bodkin Arrow
38:39 Imperial Age
36:21 Padded Archer Armor
37:06 Kasbah
38:25 Leather Archer Armor
39:23 Bracer
41:06 Ring Archer Armor
41:38 Chemistry
42:47 Plate Barding Armor
43:41 Conscription
43:46 Maghrebi Camels
44:41 Maghrebi Camels
44:45 Elite Camel Archer
45:11 Hussar
46:53 Blast Furnace
Connection lost

Rejoining the realm…

Still unreachable

The connection could not be restored.

Session expired

The server has moved on; the page needs a fresh start.